AoeStats
← hasanceylan256

Hideout

510070798Analyzed
1v1 RM · 1d ago on Sep 29, 2026· 45m 14s· 2 players
Game mode
Random Map
Map size
Tiny (2 player)
Population
200
Speed
Normal
Resources
Standard
Victory
Conquest
Starting age
Dark Age
Ending age
Imperial Age
RankedLock teamsTeams togetherTeam positionsShared explorationLock speedFull tech treeHidden civsTurbo modeCheats
Victory
Defeat
🇬🇧 Hindustanis · United Kingdom
739
+13
🇹🇷 Spanish · Türkiye
669
-13
hasanceylan256
6:52 Loom
12:12 Feudal Age
16:12 Castle Age
15:34 Stone Mining
22:03 Double-Bit Axe
22:56 Town Watch
27:57 Horse Collar
31:25 Gold Mining
31:55 Bow Saw
33:07 Heavy Plow
38:21 Stone Shaft Mining
jones3adz
10:07 Feudal Age
11:57 Double-Bit Axe
21:34 Castle Age
24:47 Fletching
33:17 Horse Collar
34:20 Wheelbarrow
33:31 Town Watch
41:44 Imperial Age
40:10 Bloodlines
40:00 Husbandry
41:03 Fervor
40:59 Husbandry
41:09 Bloodlines
44:37 Loom
Connection lost

Rejoining the realm…

Still unreachable

The connection could not be restored.

Session expired

The server has moved on; the page needs a fresh start.